 Dungeon Crawl Stone Soup version 0.28-a0-691-gad6df49e81 (webtiles) character file.

Game seed: 5892377435877787526

44401 quinnr the Stormcaller (level 14, -5/88 HPs)
             Began as a Tengu Air Elementalist on Oct 22, 2021.
             Was a High Priest of Vehumet.
             Slain by a six-headed hydra (12 damage)
             ... on level 6 of the Lair of Beasts.
             The game lasted 00:57:09 (30009 turns).

quinnr the Stormcaller (Tengu Air Elementalist)    Turns: 30009, Time: 00:57:09

Health: -5/88      AC:  9    Str:  9    XL:     14   Next: 28%
Magic:  7/29       EV: 21    Int: 24    God:    Vehumet [*****.]
Gold:   2365       SH:  7    Dex: 16    Spells: 24/34 levels left

rFire   . . .      SeeInvis .   S - staff of air
rCold   + . .      Faith    .   H - +2 buckler
rNeg    + + .      Spirit   .   K - +3 leather armour of a Labyrinth {rN++ Int+3}
rPois   .          Reflect  .   (helmet restricted)
rElec   +          Harm     .   (no cloak)
rCorr   .          Rampage  .   l - +0 pair of gloves
Will    ++...      Clarity  +   (boots unavailable)
Stlth   +++.......              (no amulet)
HPRegen 0.24/turn               M - ring of Etophi {rC+ Int+2}
MPRegen 0.21/turn               I - ring of willpower

@: about to teleport, flying quickly and evasively, quick
A: beak, talons 3, nimble flight, iridescent scales 1, clarity
a: Renounce Religion


You were on level 6 of the Lair of Beasts.
You worshipped Vehumet.
Vehumet was extremely pleased with you.
You visited 3 branches of the dungeon, and saw 18 of its levels.
You also visited: Ossuary and Volcano.

You collected 2365 gold pieces.

Inventory:

Hand Weapons
 a - the +9 trident of Looho {holy, Int+2 Dex+4}
   (You found it on level 7 of the Dungeon)

   It has been blessed by the Shining One to cause great damage to the undead
   and demons.
   Int:       It affects your intelligence (+2).
   Dex:       It affects your dexterity (+4).
 k - a +0 dagger of chaos
 r - a +2 dagger of holy wrath
 C - a +2 quarterstaff of flaming
Missiles
 R - a throwing net
Armour
 l - a +0 pair of gloves (worn)
 A - a +0 leather armour of fire resistance
 B - +0 steam dragon scales
 H - a +2 buckler (worn)
 K - the +3 leather armour of a Labyrinth (worn) {rN++ Int+3}
   (You found it on level 9 of the Dungeon)

   Int:       It affects your intelligence (+3).
   rN:        It greatly protects you from negative energy.
Magical Staves
 g - a staff of fire
 m - a staff of cold
 S - a staff of air (weapon)
Jewellery
 c - a +4 ring of protection
 F - a ring of protection from fire
 I - a ring of willpower (right hand)
 M - the ring of Etophi (left hand) {rC+ Int+2}
   (You acquired it on level 10 of the Dungeon)

   [ring of protection from cold]

   Int:       It affects your intelligence (+2).
   rC:        It protects you from cold.
 N - a +6 ring of dexterity
 O - a ring of see invisible
 T - an amulet of guardian spirit
Wands
 b - a wand of flame (24)
 q - a wand of paralysis (3)
 D - a wand of acid (9)
 E - a wand of iceblast (10)
 V - a wand of mindburst (17)
Scrolls
 d - a scroll of teleportation
 e - 3 scrolls of holy word {unknown}
 i - 2 scrolls of vulnerability {unknown}
 n - 3 scrolls of torment
 o - 4 scrolls of enchant armour
 u - 2 scrolls of immolation
 x - 2 scrolls of enchant weapon
 y - 2 scrolls of fear
 G - 3 scrolls of amnesia
 P - 5 scrolls of magic mapping
 Q - a scroll of blinking
 W - a scroll of fog {unknown}
Potions
 f - 2 potions of attraction
 h - 3 potions of haste
 j - 10 potions of degeneration
 p - 3 potions of flight
 s - 6 potions of mutation
 t - 7 potions of curing
 v - a potion of magic
 w - 3 potions of cancellation
 z - a potion of brilliance
 L - a potion of resistance
 U - 2 potions of lignification


   Skills:
 - Level 10.0 Fighting
 - Level 2.0 Armour
 + Level 11.3 Dodging
 - Level 6.0 Stealth
 - Level 4.0 Shields
 + Level 10.9 Spellcasting
 - Level 3.0 Conjurations
 + Level 17.6 Air Magic
 - Level 5.0 Poison Magic
 - Level 4.0 Evocations


You had 24 spell levels left.
You knew the following spells:

 Your Spells              Type           Power      Damage    Failure   Level
a - Shock                 Conj/Air       100%       1d9       1%          1
b - Airstrike             Air            49%        N/A       1%          4
c - Swiftness             Air            98%        N/A       0%          3
d - Poisonous Vapours     Pois/Air       100%       N/A       1%          2

Your spell library contained the following spells:

 Spells                   Type           Power      Damage    Failure   Level
 Hailstorm                Conj/Ice       20%        3d6       10%         4
 Static Discharge         Conj/Air       76%        N/A       1%          2
 Sting                    Tmut/Pois      100%       1d8       2%          1
 Olgreb's Toxic Radiance  Pois           37%        N/A       2%          4
 Apportation              Tloc           26%        N/A       7%          1
 Passwall                 Tmut/Erth      10%        N/A       10%         2
 Sublimation of Blood     Necr           6%         N/A       10%         2
 Gell's Gravitas          Tloc           6%         N/A       21%         3
 Lesser Beckoning         Tloc           13%        N/A       21%         3
 Teleport Other           Tloc           13%        N/A       21%         3
 Tukima's Dance           Hex            13%        N/A       21%         3
 Fireball                 Conj/Fire      10%        3d6       24%         5
 Irradiate                Conj/Tmut      10%        3d16      24%         5
 Yara's Violent Unravell  Hex/Tmut       6%         3d5       41%         5
 Passage of Golubria      Tloc           13%        N/A       54%         4
 Petrify                  Tmut/Erth      13%        N/A       54%         4
 Alistair's Intoxication  Tmut/Pois      16%        N/A       54%         5
 Starburst                Conj/Fire      10%        6d5       77%         6
 Dispersal                Tloc           6%         N/A       100%        6
 Invisibility             Hex            6%         N/A       100%        6
 Ignition                 Fire           6%         3d4       100%        8


Dungeon Overview and Level Annotations

Branches:
Dungeon (11/15)            Temple (1/1) D:4            Lair (5/6) D:8
 Shoals (0/4) Lair:3        Snake (0/4) Lair:2          Orc (0/2) D:10
Ossuary (visited)         Volcano (visited)
  Slime: Lair:5-6

Altars:
Ashenzari
Cheibriados
Dithmenos
Elyvilon
Fedhas
Gozag
Hepliaklqana
Kikubaaqudgha
Makhleb
Nemelex Xobeh
Okawaru
Qazlal
Ru
Sif Muna
Trog
Uskayaw
Vehumet
Wu Jian
Xom
Yredelemnul
Zin
The Shining One

Shops:
D:7 [

Annotations:
D:9 2 transporters, oldriver's ghost, novice OpFE
D:10 exclusion: downstairs
Lair:3 2 transporters


Innate Abilities, Weirdness & Mutations

You have a beak for a mouth.
You have claws for feet.
Your magical nature lets you fly swiftly and evasively.
You are partially covered in iridescent scales. (AC +2)
You possess an exceptional clarity of mind.


Message History

* * * LOW HITPOINT WARNING * * *
The six-headed hydra completely misses you. x2
The six-headed hydra bites you!
* * * LOW HITPOINT WARNING * * *
You block the six-headed hydra's attack.
The six-headed hydra completely misses you.
Items here: ÷÷÷ ††††.
Aiming: Iceblast
Press: ? - help, Shift-Dir - straight line, p - blink frog The mass of ice explodes!
The iceblast engulfs the six-headed hydra!!
The six-headed hydra is moderately wounded.
The iceblast engulfs the blink frog!!
The blink frog is almost dead.
You hear a roar!
You hear a croak.
You hear a loud, deep croak! x2
You block the blink frog's attack. The blink frog hits you.
* * * LOW HITPOINT WARNING * * *
The blink frog blinks!
Unknown command.
Unknown command.
Unknown command.
The blink frog blinks!
You see here a bullfrog skeleton.
The blink frog blinks!
You feel much better.
The blink frog blinks!
Unknown command.
The six-headed hydra bites you!
The six-headed hydra completely misses you. x3
The six-headed hydra misses you. The six-headed hydra barely misses you.
A seven-headed hydra comes into view.
The cane toad stings you but does no damage.
You kill the blink frog!
Vehumet accepts your kill.
You feel your power returning. The cane toad stings you!
* * * LOW HITPOINT WARNING * * *
As you read the scroll of teleportation, it crumbles to dust.
You feel strangely unstable. The six-headed hydra bites you!
* * * LOW HITPOINT WARNING * * *
The six-headed hydra bites you!
You die...

#...........# .......
##..........###
.......
###.......##†##
....... ###...#.F†#.#
.......
#.#.....D†#####.......
##.......?..#.........
##.........÷#........
##..#..†..FD........
#..##....@.........
####.#.............
#...............
###.............
#.#............
................
................
...............


You could see a seven-headed hydra, a six-headed hydra and 2 cane toads.

Vanquished Creatures
  A fire dragon (Volcano)
  An ogre mage (D:10)
  A catoblepas (Lair:1)
  A hydra (Lair:3)
  3 two-headed ogres
  An orc knight (D:10)
  A lindwurm (Lair:1)
  A manticore (D:10)
  3 cyclopes (D:10)
  10 elephants
  3 salamanders (Volcano)
  4 black mambas
  17 cane toads
  A gargoyle (D:10)
  A torpor snail (Lair:2)
  7 komodo dragons
  3 kobold demonologists (D:10)
  3 polar bears
  2 trolls (D:10)
  A tyrant leech (Lair:6)
  3 merfolk (Lair:3)
  6 slime creatures
  A hornet (D:9)
  11 blink frogs
  A wraith (D:10)
  A spriggan (D:7)
  47 yaks
  7 wyverns
  A spriggan (shapeshifter) (D:10)
  9 fire bats (Volcano)
  5 steam dragons
  5 vampire mosquitoes (Lair:6)
  12 water moccasins
  4 orc warriors
  A swamp drake (D:10)
  An ice beast (D:8)
  A hornet zombie (D:9)
  A black bear (D:4)
  A sky beast (D:8)
  6 ogres
  22 wolves
  7 centaurs
  2 phantoms
  3 kobold brigands
  13 bullfrogs
  A scorpion (D:6)
  A wyvern zombie (D:8)
  A gnoll sergeant (D:7)
  2 water moccasin skeletons
  4 electric eels
  2 howler monkeys
  A crimson imp (D:3)
  A centaur zombie (D:8)
  2 jellies
  4 hounds
  8 orc priests
  3 gnoll shamans
  2 centaur skeletons
  4 iguanas
  8 orc wizards
  2 killer bee zombies (D:6)
  9 mummies
  Robin (D:2)
  14 gnolls
  A howler monkey skeleton (D:4)
  2 howler monkey zombies
  3 adders
  2 shadow imps
  3 white imps
  2 adder skeletons
  4 worms
  2 dart slugs
  29 orcs
  8 ball pythons
  7 endoplasms
  4 giant cockroaches
  15 goblins
  12 hobgoblins
  3 quokkas
  5 bats
  4 frilled lizards (D:1)
  3 gnoll zombies (Ossuary)
  2 hobgoblin zombies (Ossuary)
  15 kobolds
  4 kobold zombies
  An orc zombie (D:5)
  5 rats
442 creatures vanquished.

Vanquished Creatures (others)
  47 fungi
  185 plants
232 creatures vanquished.

Grand Total: 674 creatures vanquished

Notes
Turn   | Place    | Note
-------+----------+-------------------------------------------
     0 | D:1      | quinnr the Tengu Air Elementalist began the quest for the
                  | Orb.
     0 | D:1      | Reached XP level 1. HP: 10/10 MP: 4/4
   185 | D:1      | Reached XP level 2. HP: 15/15 MP: 0/6
   623 | D:1      | Reached XP level 3. HP: 19/19 MP: 5/7
   718 | D:1      | Reached skill level 5 in Air Magic
  1548 | D:2      | Reached XP level 4. HP: 20/24 MP: 0/8
  1792 | D:2      | Found a faded altar of an unknown god.
  2090 | D:2      | Learned a level 4 spell: Airstrike
  2094 | D:2      | Learned a level 3 spell: Swiftness
  2163 | D:3      | Found a burning altar of Makhleb.
  2163 | D:3      | Found a shimmering altar of Xom.
  2170 | D:3      | Reached skill level 6 in Air Magic
  2280 | D:3      | Noticed Robin
  2290 | D:3      | Gained mutation: Your magical nature lets you fly swiftly
                  | and evasively. [Tengu growth]
  2290 | D:3      | Reached XP level 5. HP: 27/28 MP: 4/10
  2419 | D:2      | Killed Robin
  3339 | D:4      | Reached skill level 7 in Air Magic
  3346 | D:4      | HP: 2/28 [orc priest (3)]
  3348 | D:4      | Reached XP level 6. HP: 2/32 MP: 0/11
  4011 | D:4      | Found a staircase to the Ecumenical Temple.
  4028 | D:4      | Found a sparkling altar of Nemelex Xobeh.
  4048 | Temple   | Entered the Ecumenical Temple
  4064 | Temple   | Became a worshipper of Vehumet
  4424 | D:4      | Reached skill level 8 in Air Magic
  4917 | D:4      | Noticed a black bear
  4921 | D:4      | Killed a black bear
  4922 | D:4      | Reached XP level 7. HP: 37/37 MP: 1/12
  5080 | D:5      | Entered Level 5 of the Dungeon
  5087 | D:4      | Reached skill level 1 in Fighting
  5367 | D:5      | Found a sand-covered staircase.
  5374 | Ossuary  | Entered an ossuary
  5805 | Ossuary  | Reached skill level 9 in Air Magic
  5966 | Ossuary  | Reached * piety under Vehumet
  5966 | Ossuary  | Offered knowledge of Sandblast by Vehumet.
  6681 | D:5      | Reached XP level 8. HP: 45/45 MP: 4/14
  6757 | D:5      | Found an opulent altar of Gozag.
  7238 | D:5      | Reached skill level 1 in Shields
  8409 | D:6      | Found a shadowy altar of Dithmenos.
  8457 | D:6      | Reached skill level 10 in Air Magic
  9102 | D:6      | Reached XP level 9. HP: 50/50 MP: 9/16
  9416 | D:7      | Found Cheibriados's Comfort Zone.
  9416 | D:7      | Found a snail-covered altar of Cheibriados.
  9921 | D:7      | Found a faded altar of an unknown god.
  9924 | D:7      | Found a hazy altar of Hepliaklqana.
 10072 | D:7      | Identified the +9 trident of Looho {holy, Int+2 Dex+4}
 10220 | D:7      | Reached skill level 5 in Spellcasting
 10322 | D:7      | Reached skill level 5 in Dodging
 10346 | D:7      | Reached ** piety under Vehumet
 10347 | D:7      | Reached skill level 5 in Stealth
 10347 | D:7      | Reached skill level 11 in Air Magic
 10853 | D:7      | Offered knowledge of Magic Dart by Vehumet.
 11275 | D:8      | Reached skill level 12 in Air Magic
 11385 | D:8      | Found a stormy altar of Qazlal.
 11521 | D:8      | Reached XP level 10. HP: 56/56 MP: 12/18
 11656 | D:8      | Reached skill level 13 in Air Magic
 11888 | D:8      | Found a staircase to the Lair.
 11954 | D:8      | Found a broken altar of Ashenzari.
 12197 | D:9      | Noticed a two-headed ogre
 12207 | D:9      | Killed a two-headed ogre
 12473 | D:9      | Identified the +3 leather armour of a Labyrinth {rN++
                  | Int+3}
 12585 | D:9      | Found a transporter.
 12585 | D:9      | Noticed a two-headed ogre
 12585 | D:9      | Noticed oldriver's ghost (novice OpFE)
 12586 | D:9      | Found a transporter.
 12587 | D:9      | Noticed a two-headed ogre
 12588 | D:9      | Noticed a two-headed ogre
 12588 | D:9      | Noticed a two-headed ogre
 12888 | D:9      | Offered knowledge of Frozen Ramparts by Vehumet.
 13320 | D:9      | Reached skill level 5 in Fighting
 13433 | D:9      | Reached skill level 14 in Air Magic
 13736 | D:10     | Entered Level 10 of the Dungeon
 13744 | D:10     | Noticed a gargoyle
 13755 | D:10     | Killed a gargoyle
 13942 | D:10     | Reached XP level 11. HP: 64/64 MP: 8/22
 14120 | D:10     | Noticed a two-headed ogre
 14136 | D:10     | Killed a two-headed ogre
 14336 | D:10     | Noticed a manticore
 14339 | D:10     | Noticed an ogre mage
 14341 | D:10     | Reached *** piety under Vehumet
 14343 | D:10     | Killed a manticore
 14348 | D:10     | Killed an ogre mage
 14349 | D:10     | Reached skill level 15 in Air Magic
 14459 | D:10     | Identified 2 scrolls of acquirement
 14460 | D:10     | Acquired a ring of see invisible
 14461 | D:10     | Acquired the ring of Etophi {rC+ Int+2}
 14624 | D:10     | Found a staircase to the Orcish Mines.
 14697 | D:10     | Offered knowledge of Inner Flame by Vehumet.
 14956 | D:10     | Noticed an orc knight
 14973 | D:10     | Killed an orc knight
 15626 | D:11     | Noticed a manticore
 15905 | D:10     | Noticed a cyclops
 15910 | D:10     | Killed a cyclops
 16149 | D:10     | Reached **** piety under Vehumet
 16304 | D:10     | Noticed a cyclops
 16322 | D:10     | Killed a cyclops
 16464 | D:10     | Gained mutation: You are partially covered in iridescent
                  | scales. (AC +2) [potion of mutation]
 16464 | D:10     | Gained mutation: You possess an exceptional clarity of
                  | mind. [potion of mutation]
 16502 | D:10     | Noticed a cyclops
 16517 | D:10     | Killed a cyclops
 16873 | Lair:1   | Entered Level 1 of the Lair of Beasts
 16937 | Lair:1   | Reached XP level 12. HP: 60/72 MP: 11/25
 16950 | Lair:1   | Offered knowledge of Iskenderun's Mystic Blast by Vehumet.
 16999 | Lair:1   | Reached skill level 16 in Air Magic
 17090 | Lair:1   | Found a dark tunnel.
 17217 | Volcano  | Entered a volcano
 18225 | Volcano  | HP: 4/74 [salamander (4)]
 18976 | Volcano  | Reached skill level 1 in Evocations
 19241 | Volcano  | Noticed a two-headed ogre
 19241 | Volcano  | Noticed a fire dragon
 19271 | Volcano  | Killed a two-headed ogre
 19398 | Volcano  | Killed a fire dragon
 20019 | Lair:1   | Noticed a catoblepas
 21390 | Lair:1   | Reached XP level 13. HP: 80/80 MP: 1/26
 21670 | Lair:1   | Acquired 1138 gold pieces
 22398 | Lair:2   | Reached skill level 10 in Fighting
 22398 | Lair:2   | Reached skill level 10 in Dodging
 22982 | Lair:2   | Learned a level 2 spell: Poisonous Vapours
 23073 | Lair:2   | Found a staircase to the Snake Pit.
 23089 | Lair:2   | Reached skill level 1 in Poison Magic
 23756 | Lair:2   | Identified the +1 ring mail of the Four Allies {Int+7}
 25959 | Lair:3   | Found a transporter.
 25962 | Lair:3   | Found a transporter.
 26035 | Lair:3   | Reached skill level 10 in Spellcasting
 26385 | Lair:3   | Found a staircase to the Shoals.
 26405 | Lair:3   | Reached skill level 5 in Poison Magic
 27008 | Lair:4   | Acquired a staff of air
 27857 | Lair:3   | Reached skill level 17 in Air Magic
 28140 | Lair:4   | Reached XP level 14. HP: 88/88 MP: 1/29
 29090 | Lair:5   | Reached ***** piety under Vehumet
 29475 | Lair:5   | Offered knowledge of Hailstorm by Vehumet.
 29616 | Lair:5   | You are sucked into a shaft and drop 1 floor!
 29616 | Lair:6   | Entered Level 6 of the Lair of Beasts
 29699 | Lair:6   | HP: 6/88 [blink frog (13)]
 30009 | Lair:6   | HP: 7/88 [six-headed hydra (12)]
 30009 | Lair:6   | Slain by a six-headed hydra

Illustrated notes

Levels and vault maps discovered:
D:1:      lemuel_arrival_broad_hall, layout_rooms
D:2:      layout_rooms, ebering_ecumenical_altar_rust, minmay_fractal_squares_5
D:3:      layout_basic, grunt_temple_overflow_champion_of_chaos, uniq_robin
D:4:      black_bear_nest_1, layout_gridville, nemelex_diamond_rough_becter,
          minmay_temple_entry_fiery
D:5:      layout_rooms, nicolae_gozag_seed_capital, serial_corexii_hall,
          chequers_hall_statues_wall_a, chequers_hall_statues_corner_a,
          nicolae_ossuary_entry_giza, hangedman_glass_teeth
D:6:      layout_basic, nicolae_dithmenos_shadow_blocks
D:7:      layout_loops_ring, beargit_hepliaklqana_dungeon_heroes,
          minmay_shop_chei, serial_bayou_pond_a
D:8:      layout_cave_pools, marbit_many_paths,
          nicolae_qazlal_general_emergency, dpeg_oklobed_lair
D:9:      layout_roguey, gammafunk_ghost_smash
D:10:     layout_roguey, erik_orc_1, minmay_fractal_squares_gapless_7
D:11:     layout_basic, eat_drink_and_be_merry_uskayaw, uniq_sonja,
          uniq_josephine
Temple:   eino_narrow_crystal_temple
Lair:1:   layout_hall_layers, nicolae_volcano_entry_vermiform,
          hibernation_bobbens, grunt_megastairs_4, serial_bayou_shore_a
Lair:2:   layout_regular_city, dummy_snake_entry
Lair:3:   gammafunk_boulding_lane, layout_small_grid, elwin_shoals_entry_rooms,
          lemuel_fruit_tree, infiniplex_staircase_pool_2
Lair:4:   layout_gridlike, grunt_forest_small_clearings,
          nicolae_quartered_pool_super
Lair:5:   layout_roguey, lemuel_fruit_fields, lemuel_fruit_fields,
          serial_bayou_shore_b
Lair:6:   minmay_lair_end_frog_pond, layout_hall_layers, slime_dummy

Skill      XL: |  1  2  3  4  5  6  7  8  9 10 11 12 13 14 |
---------------+-------------------------------------------+-----
Conjurations   | 2 3 |  3.0
Air Magic      | 5 6 7 8 9 10 12 14 15 16 17 | 17.6
Spellcasting   | 3 4 5 6 8 10 | 10.9
Dodging        | 3 5 6 9 10 11 | 11.3
Stealth        | 3 6 |  6.0
Fighting       | 2 3 5 7 9 10 | 10.0
Shields        | 4 |  4.0
Armour         | 2 |  2.0
Evocations     | 4 |  4.0
Poison Magic   | 5 |  5.0

Action                   |  1- 3 |  4- 6 |  7- 9 | 10-12 | 13-15 || total
-------------------------+-------+-------+-------+-------+-------++-------
Melee: Unarmed           |     5 |     6 |       |       |       ||    11
       Kick              |     2 |     6 |     7 |    32 |    34 ||    81
       Peck              |     1 |     1 |     6 |    13 |    14 ||    35
       Dagger            |       |     5 |    15 |       |       ||    20
       Staff             |       |     4 |     3 |     9 |    60 ||    76
       Trident           |       |       |     9 |    59 |    49 ||   117
 Cast: Shock             |    86 |   126 |   300 |   362 |   226 ||  1100
       Airstrike         |       |     5 |    33 |   201 |   150 ||   389
       Poisonous Vapours |       |       |       |       |    85 ||    85
Evoke: Wand              |       |       |       |     9 |    11 ||    20
  Use: Scroll            |       |       |    10 |    12 |    12 ||    34
       Potion            |       |       |     1 |     5 |     4 ||    10
 Stab: Sleeping          |       |       |       |       |     1 ||     1
       Paralysed         |       |       |       |       |     8 ||     8
Armor: Robe              |     8 |     8 |     8 |       |       ||    24
       Steam dragon scal |       |       |    13 |     1 |       ||    14
       Leather armour    |       |       |       |    26 |    54 ||    80
Dodge: Dodged            |    15 |    30 |    88 |   182 |   327 ||   642
Block: Buckler           |       |       |    24 |   129 |   139 ||   292

Table legend: (Time is in decaauts)
 A = Elapsed time spent in this place.
 B = Non-inter-level travel time spent in this place.
 C = Inter-level travel time spent in this place.
 D = Time resting spent in this place.
 E = Time spent auto-exploring this place.
 F = Levels seen in this place.
 G = Mean time per level.
                   A        B        C        D        E       F      G
               +--------+--------+--------+--------+--------+-----+--------+
         Total |  29026 |  27775 |   1251 |   9386 |  14204 |  20 | 1451.3 |
       Dungeon |  15786 |  14991 |    795 |   4407 |   8428 |  11 | 1435.1 |
        Temple |    167 |    145 |     22 |      0 |    136 |   1 |  167.0 |
          Lair |   9527 |   9094 |    433 |   3129 |   4569 |   6 | 1587.8 |
       Ossuary |    863 |    863 |      0 |    327 |    395 |   1 |  863.0 |
       Volcano |   2682 |   2682 |      0 |   1521 |    674 |   1 | 2682.0 |
               +--------+--------+--------+--------+--------+-----+--------+

Top non-repeatable levels by time:
  Lair:1: 2739 daAuts
 Volcano: 2682 daAuts
    D:10: 2585 daAuts
  Lair:2: 2232 daAuts
  Lair:3: 2130 daAuts
     D:9: 1835 daAuts
     D:4: 1814 daAuts
  Lair:4: 1697 daAuts
     D:7: 1618 daAuts
     D:8: 1589 daAuts
     D:6: 1561 daAuts
     D:5: 1496 daAuts
     D:1: 1398 daAuts
     D:3: 1030 daAuts
 Ossuary: 863 daAuts
